PCL
WALLA WALLA ALL-STARS @ SANTA MONICA BRUINS
07/14/2023
 
TOP OF THE 1ST
Walla Walla All-Stars batting - Pitching for Santa Monica Bruins : LHP Yasuyuki Ishii
Pitching: LHP Yasuyuki Ishii
Batting: LHB Mike Young 0-0: Called Strike
0-1: Ball
1-1: Ball
2-1: Foul Ball, location: 2F
2-2: Foul Ball, location: 2F
2-2: Strikes out swinging
Batting: RHB Daniel Guerrero 0-0: Called Strike
0-1: SINGLE (Line Drive, 56)
Batting: RHB Lorenzo Morín 0-0: Swinging Strike
0-1: Ball
1-1: Ball
2-1: Ball
3-1: Foul Ball, location: 2F
3-2: Foul Ball, location: 2F
3-2: Fly out, F5 (Line Drive, 5S)
Batting: SHB Clinton Watson 0-0: Ball
Daniel Guerrero is caught stealing 2nd base
Top of the 1st over - 0 run(s), 1 hit(s), 0 error(s), 0 left on base; Walla Walla 0 - Santa Monica 0
BOTTOM OF THE 1ST
Santa Monica Bruins batting - Pitching for Walla Walla All-Stars : RHP António Benítez
Pitching: RHP António Benítez
Batting: RHB Alonso Sánchez 0-0: Ball
1-0: Ground out 6-3 (Groundball, 6M)
Batting: RHB Javier Deleón 0-0: Ground out 2-3 (Groundball, 25)
Batting: LHB Patrick Osborne 0-0: Called Strike
0-1: Ball
1-1: Ball
2-1: Ball
3-1: DOUBLE (Line Drive, 6D)
Batting: LHB Germán Charfauros 0-0: Swinging Strike
0-1: Foul Ball, location: 2F
0-2: Ball
1-2: Foul Ball, location: 2F
1-2: Strikes out swinging
Bottom of the 1st over - 0 run(s), 1 hit(s), 0 error(s), 1 left on base; Walla Walla 0 - Santa Monica 0
TOP OF THE 2ND
Walla Walla All-Stars batting - Pitching for Santa Monica Bruins : LHP Yasuyuki Ishii
Batting: SHB Clinton Watson 0-0: Called Strike
0-1: Ball
1-1: Called Strike
1-2: Ball
2-2: Strikes out looking
Batting: RHB Pablo Lucero 0-0: SINGLE (Groundball, 4MD)
Batting: RHB Pablo Castillo Pickoff Throw to First - Out!
0-0: Called Strike
0-1: Called Strike
0-2: Ground out 6-3 (Groundball, 6)
Top of the 2nd over - 0 run(s), 1 hit(s), 0 error(s), 0 left on base; Walla Walla 0 - Santa Monica 0
BOTTOM OF THE 2ND
Santa Monica Bruins batting - Pitching for Walla Walla All-Stars : RHP António Benítez
Batting: RHB Danny Crouch 0-0: Foul Ball, location: 2F
0-1: Ball
1-1: Swinging Strike
1-2: Ball
2-2: Fly out, F9 (Flyball, 89S)
Batting: LHB Matsusuke Yamasaki 0-0: Foul Ball, location: 2F
0-1: Ball
1-1: Ball
2-1: Ball
3-1: Called Strike
3-2: Foul Ball, location: 2F
3-2: Base on Balls
Batting: RHB Armando Méndez 0-0: Called Strike
Matsusuke Yamasaki steals 2nd base
0-1: SINGLE (Flyball, 78S)
Matsusuke Yamasaki to third
Runner from 3rd tries for Home, SAFE, throw made home
Armando Méndez to second
Batting: RHB Motoshige Yagi 0-0: Foul Ball, location: 2F
0-1: Called Strike
0-2: Foul Ball, location: 2F
0-2: Ground out 5-3 (Groundball, 56)
Batting: LHB Juan Sánchez 0-0: Called Strike
0-1: SINGLE (Groundball, 4MD)
Armando Méndez to third
Runner from 3rd tries for Home, SAFE, no throw or cutoff
Batting: RHB Alonso Sánchez 0-0: Ball
1-0: Ball
2-0: Swinging Strike
2-1: Foul Ball, location: 2F
2-2: Ground out 6-3 (Groundball, 56)
Bottom of the 2nd over - 2 run(s), 2 hit(s), 0 error(s), 1 left on base; Walla Walla 0 - Santa Monica 2
TOP OF THE 3RD
Walla Walla All-Stars batting - Pitching for Santa Monica Bruins : LHP Yasuyuki Ishii
Batting: RHB Luke McIndoe 0-0: Foul Ball, location: 2F
0-1: Ball
1-1: Fly out, F9 (Flyball, 9S)
Batting: RHB Santiago Vallés 0-0: Called Strike
0-1: Swinging Strike
0-2: SINGLE (Line Drive, 6)
Batting: SHB Sean Carr 0-0: Ball
1-0: Fly out, F7 (Flyball, 7M)
Batting: LHB Mike Young 0-0: Ball
1-0: Ball
2-0: Called Strike
2-1: TRIPLE (Line Drive, 89D)
Santiago Vallés scores
Batting: RHB Daniel Guerrero 0-0: Swinging Strike
0-1: Ball
1-1: Ball
2-1: Called Strike
2-2: Ball
3-2: Foul Ball, location: 2F
3-2: Fly out, F5 (Line Drive, 5)
Top of the 3rd over - 1 run(s), 2 hit(s), 0 error(s), 1 left on base; Walla Walla 1 - Santa Monica 2
BOTTOM OF THE 3RD
Santa Monica Bruins batting - Pitching for Walla Walla All-Stars : RHP António Benítez
Batting: RHB Javier Deleón 0-0: Foul Ball, location: 2F
0-1: Ball
1-1: Ground out 6-3 (Groundball, 6)
Batting: LHB Patrick Osborne 0-0: Ball
1-0: Ball
2-0: SINGLE (Line Drive, 4MD)
Batting: LHB Germán Charfauros 0-0: Ball
1-0: Ball
2-0: Ball
3-0: Base on Balls
Patrick Osborne to second
Batting: RHB Danny Crouch 0-0: Foul Ball, location: 2F
0-1: SINGLE (Flyball, 8LS)
Patrick Osborne to third
Germán Charfauros to second
Batting: LHB Matsusuke Yamasaki 0-0: Ball
1-0: Ball
2-0: Called Strike
2-1: Ball
3-1: Base on Balls
Patrick Osborne scores
Germán Charfauros to third
Danny Crouch to second
Batting: RHB Armando Méndez 0-0: Grounds into double play, 6-4-3 (Groundball, 6)
Bottom of the 3rd over - 1 run(s), 2 hit(s), 0 error(s), 2 left on base; Walla Walla 1 - Santa Monica 3
TOP OF THE 4TH
Walla Walla All-Stars batting - Pitching for Santa Monica Bruins : LHP Yasuyuki Ishii
Batting: RHB Lorenzo Morín 0-0: Ball
1-0: Fly out, F7 (Flyball, 7D)
Batting: SHB Clinton Watson 0-0: Called Strike
0-1: Fly out, F7 (Flyball, 7LS)
Batting: RHB Pablo Lucero 0-0: Called Strike
0-1: Ground out 5-3 (Groundball, 56)
Top of the 4th over - 0 run(s), 0 hit(s), 0 error(s), 0 left on base; Walla Walla 1 - Santa Monica 3
BOTTOM OF THE 4TH
Santa Monica Bruins batting - Pitching for Walla Walla All-Stars : RHP António Benítez
Batting: RHB Motoshige Yagi 0-0: Ball
1-0: SOLO HOME RUN (Flyball, 9D), Distance : 352 ft
Batting: LHB Juan Sánchez 0-0: Ground out 6-3 (Groundball, 6MS)
Batting: RHB Alonso Sánchez 0-0: Swinging Strike
0-1: Ball
1-1: Swinging Strike
1-2: Strikes out looking
Batting: RHB Javier Deleón 0-0: Ball
1-0: Foul Ball, location: 2F
1-1: Foul Ball, location: 2F
1-2: Ball
2-2: Strikes out swinging
Bottom of the 4th over - 1 run(s), 1 hit(s), 0 error(s), 0 left on base; Walla Walla 1 - Santa Monica 4
TOP OF THE 5TH
Walla Walla All-Stars batting - Pitching for Santa Monica Bruins : LHP Yasuyuki Ishii
Batting: RHB Pablo Castillo 0-0: Called Strike
0-1: Ball
1-1: Swinging Strike
1-2: Ball
2-2: Foul Ball, location: 2F
2-2: Fly out, F3 (Popup, 34D)
Batting: RHB Luke McIndoe 0-0: Called Strike
0-1: Ball
1-1: Ball
2-1: Ball
3-1: Base on Balls
Batting: RHB Santiago Vallés 0-0: Ball
1-0: Called Strike
1-1: Swinging Strike
1-2: Strikes out looking
Batting: SHB Sean Carr 0-0: Ball
1-0: Ball
2-0: Foul Ball, location: 2F
2-1: Called Strike
2-2: Ball
3-2: SINGLE (Groundball, 56)
Luke McIndoe to second
Luke McIndoe to third
Batting: LHB Mike Young 0-0: Ball
1-0: Called Strike
1-1: Foul Ball, location: 2F
1-2: TRIPLE (Flyball, 8RXD)
Luke McIndoe scores
Sean Carr scores
Batting: RHB Daniel Guerrero 0-0: Ball
1-0: Foul Ball, location: 2F
1-1: 2-RUN HOME RUN (Flyball, 89XD), Distance : 421 ft
Batting: RHB Lorenzo Morín 0-0: Swinging Strike
0-1: Swinging Strike
0-2: Strikes out swinging
Top of the 5th over - 4 run(s), 3 hit(s), 0 error(s), 0 left on base; Walla Walla 5 - Santa Monica 4
BOTTOM OF THE 5TH
Santa Monica Bruins batting - Pitching for Walla Walla All-Stars : RHP António Benítez
Batting: LHB Patrick Osborne 0-0: Called Strike
0-1: Ball
1-1: Foul Ball, location: 2F
1-2: Ground out 4-3 (Groundball, 4)
Batting: LHB Germán Charfauros 0-0: Ball
1-0: Called Strike
1-1: Fly out, F9 (Flyball, 9M)
Batting: RHB Danny Crouch 0-0: Swinging Strike
0-1: Called Strike
0-2: Ball
1-2: Strikes out swinging
Bottom of the 5th over - 0 run(s), 0 hit(s), 0 error(s), 0 left on base; Walla Walla 5 - Santa Monica 4
TOP OF THE 6TH
Walla Walla All-Stars batting - Pitching for Santa Monica Bruins : LHP Yasuyuki Ishii
Pitching: RHP Santiago González
Batting: SHB Clinton Watson 0-0: Called Strike
0-1: Ball
1-1: Swinging Strike
1-2: Ball
2-2: Ground out 4-3 (Groundball, 4M)
Batting: RHB Pablo Lucero 0-0: Ball
1-0: Swinging Strike
1-1: Called Strike
1-2: Strikes out swinging
Batting: RHB Pablo Castillo 0-0: Ball
1-0: Ball
2-0: Ball
3-0: Swinging Strike
3-1: Base on Balls
Batting: RHB Luke McIndoe 0-0: Foul Ball, location: 2F
0-1: Ball
1-1: Ground out 2-3 (Groundball, 2L)
Top of the 6th over - 0 run(s), 0 hit(s), 0 error(s), 1 left on base; Walla Walla 5 - Santa Monica 4
BOTTOM OF THE 6TH
Santa Monica Bruins batting - Pitching for Walla Walla All-Stars : RHP António Benítez
Batting: LHB Matsusuke Yamasaki 0-0: Foul Ball, location: 2F
0-1: Ball
1-1: Ball
2-1: Foul Ball, location: 2F
2-2: Ball
3-2: Base on Balls
Batting: RHB Armando Méndez 0-0: SINGLE (Groundball, 56D)
Matsusuke Yamasaki to second
Batting: RHB Motoshige Yagi 0-0: Ball
1-0: Fly out, F9 (Flyball, 9M)
Batting: LHB Juan Sánchez 0-0: Swinging Strike
0-1: Foul Ball, location: 2F
0-2: Ball
1-2: SINGLE (Groundball, 4MD)
Matsusuke Yamasaki to third
Armando Méndez to second
Runner from 3rd tries for Home, SAFE, throw made home
Armando Méndez to third
Juan Sánchez to second
Batting: RHB Alonso Sánchez 0-0: Ball
1-0: Ball
2-0: Called Strike
2-1: Ball
3-1: Ground out 1-3 (Groundball, 13S)
Batting: RHB Javier Deleón 0-0: Ball
1-0: Swinging Strike
1-1: Ball
2-1: Foul Ball, location: 2F
2-2: Strikes out looking
Bottom of the 6th over - 1 run(s), 2 hit(s), 0 error(s), 2 left on base; Walla Walla 5 - Santa Monica 5
TOP OF THE 7TH
Walla Walla All-Stars batting - Pitching for Santa Monica Bruins : RHP Santiago González
Pinch Hitting: SHB Ryu Kichida 0-0: SINGLE (Groundball, 4MD)
Batting: SHB Sean Carr 0-0: Swinging Strike
0-1: Foul Ball, location: 2F
0-2: Ball
1-2: Ball
2-2: Fly out, F7 (Flyball, 7S)
Batting: LHB Mike Young 0-0: Ball
1-0: Called Strike
1-1: Swinging Strike
1-2: Ball
2-2: Foul Ball, location: 2F
2-2: Foul Ball, location: 2F
2-2: Strikes out swinging
Pinch Hitting: SHB Vicente Martínez 0-0: Ball
1-0: Ground out 4-3 (Groundball, 34)
Top of the 7th over - 0 run(s), 1 hit(s), 0 error(s), 1 left on base; Walla Walla 5 - Santa Monica 5
BOTTOM OF THE 7TH
Santa Monica Bruins batting - Pitching for Walla Walla All-Stars : RHP António Benítez
Pitching: LHP Edgardo Guzmán
Now at SS: Ryu Kichida
Now in LF: Salvador Ruíz
Batting: LHB Patrick Osborne 0-0: Fly out, F6 (Popup, 6)
Batting: LHB Germán Charfauros 0-0: Ball
1-0: Called Strike
1-1: Foul Ball, location: 2F
1-2: Ground out 3-1 (Groundball, 34S)
Batting: RHB Danny Crouch 0-0: Called Strike
0-1: Ball
1-1: Foul Ball, location: 2F
1-2: Ball
2-2: Ball
3-2: Strikes out looking
Bottom of the 7th over - 0 run(s), 0 hit(s), 0 error(s), 0 left on base; Walla Walla 5 - Santa Monica 5
TOP OF THE 8TH
Walla Walla All-Stars batting - Pitching for Santa Monica Bruins : RHP Santiago González
Pitching: RHP Javier Correa
Batting: RHB Lorenzo Morín 0-0: Ball
1-0: Foul Ball, location: 2F
1-1: Foul Ball, location: 2F
1-2: Foul Ball, location: 2F
1-2: Ball
2-2: Foul Ball, location: 2F
2-2: Ball
3-2: Foul Ball, location: 2F
3-2: Strikes out swinging
Batting: SHB Clinton Watson 0-0: Ball
1-0: Foul Ball, location: 2F
1-1: Ball
2-1: SINGLE (Groundball, 34D)
Batting: RHB Pablo Lucero 0-0: Ball
1-0: Ball
2-0: Ball
3-0: Called Strike
3-1: Swinging Strike
3-2: Base on Balls
Clinton Watson to second
Batting: RHB Pablo Castillo 0-0: Foul Ball, location: 2F
0-1: Foul Ball, location: 2F
0-2: Foul Ball, location: 2F
0-2: Strikes out swinging
Batting: RHB Luke McIndoe 0-0: Foul Ball, location: 2F
0-1: Ground out 5-3 (Groundball, 56)
Top of the 8th over - 0 run(s), 1 hit(s), 0 error(s), 2 left on base; Walla Walla 5 - Santa Monica 5
BOTTOM OF THE 8TH
Santa Monica Bruins batting - Pitching for Walla Walla All-Stars : LHP Edgardo Guzmán
Pinch Hitting: RHB Mario Martínez 0-0: Ball
1-0: Foul Ball, location: 2F
1-1: Swinging Strike
1-2: Ball
2-2: Ball
3-2: SOLO HOME RUN (Flyball, 7D), Distance : 353 ft
Batting: RHB Armando Méndez 0-0: Called Strike
0-1: Ball
1-1: Ball
2-1: Called Strike
2-2: Strikes out looking
Batting: RHB Motoshige Yagi 0-0: SOLO HOME RUN (Line Drive, 7D), Distance : 349 ft
Batting: LHB Juan Sánchez 0-0: Ground out 4-3 (Groundball, 4)
Batting: RHB Alonso Sánchez 0-0: Ball
1-0: Called Strike
1-1: SINGLE (Groundball, 56D)
Batting: RHB Javier Deleón 0-0: Ball
1-0: 2-RUN HOME RUN (Flyball, 7D), Distance : 352 ft
Pitching: RHP Carlos Hendrix
Batting: LHB Patrick Osborne 0-0: Called Strike
0-1: Ball
1-1: Ball
2-1: Ground out 4-3 (Groundball, 4)
Bottom of the 8th over - 4 run(s), 4 hit(s), 0 error(s), 0 left on base; Walla Walla 5 - Santa Monica 9
TOP OF THE 9TH
Walla Walla All-Stars batting - Pitching for Santa Monica Bruins : RHP Javier Correa
Now in RF: Mario Martínez
Batting: SHB Ryu Kichida 0-0: Called Strike
0-1: Ball
1-1: Foul Ball, location: 2F
1-2: Strikes out swinging
Batting: SHB Sean Carr 0-0: Ball
1-0: SINGLE (Line Drive, 6M)
Batting: LHB Mike Young 0-0: Called Strike
0-1: Ball
1-1: Ball
2-1: Ground out 3-1 (Groundball, 34S)
Sean Carr to second
Batting: LHB Salvador Ruíz 0-0: Swinging Strike
0-1: Ball
1-1: Swinging Strike
1-2: Strikes out swinging
Top of the 9th over - 0 run(s), 1 hit(s), 0 error(s), 1 left on base; Walla Walla 5 - Santa Monica 9
This league is powered by Out of the Park Baseball, the baseball management simulation game for PC, Mac and Linux
Wednesday, December 2nd, 2015 - OOTP Baseball 16.8 Build 38